 Dungeon Crawl Stone Soup version 0.28-a0-1374-ga75cb3825e (webtiles) character file.

Game seed: 12758799507067372403

192748 gimp the Thaumaturge (level 17, -17/126 HPs)
             Began as a Demigod Wanderer on Dec 31, 2021.
             Blown up by an orb spider (72 damage)
             ... with an orb of destruction
             ... on level 2 of the Spider Nest.
             The game lasted 01:40:17 (54458 turns).

gimp the Thaumaturge (Demigod Wanderer)            Turns: 54458, Time: 01:40:18

Health: -17/126    AC: 21    Str: 10    XL:     17   Next: 6%
Magic:  31/41      EV: 16    Int: 40    God:
Gold:   2926       SH:  5    Dex: 10    Spells: 20/45 levels left

rFire   + . .      SeeInvis +   a - +8 mace "Demigod's Peril" {venom, rElec Int+3 Dex-3}
rCold   . . .      Faith    .   z - +1 buckler {AC+3}
rNeg    + + .      Spirit   .   G - +7 Cigotuvi's embrace {rMiasma Drain rN+}
rPois   +          Reflect  .   g - +2 helmet {SInv}
rElec   +          Harm     .   C - +2 cloak
rCorr   +          Rampage  .   S - +0 pair of gloves
Will    +....                   D - +0 pair of boots
Stlth   +.........              v - amulet of regeneration
HPRegen 1.11/turn               q - ring of protection from fire
MPRegen 0.27/turn               j - ring "Qampize" {Fly rElec rPois rN+ rCorr}

@: flying
A: high mp 1, forlorn, divine attributes, screaming 1
}: 1/15 runes: decaying
a: no special abilities


You were on level 2 of the Spider Nest.
You visited 6 branches of the dungeon, and saw 30 of its levels.
You visited the Abyss 1 time.
You also visited: Sewer.

You collected 3852 gold pieces.
You spent 926 gold pieces at shops.

Inventory:

Hand Weapons
 a - the +8 mace "Demigod's Peril" (weapon) {venom, rElec Int+3 Dex-3}
   (You found it on level 11 of the Dungeon)

   It poisons the flesh of those it strikes.
   Int:       It affects your intelligence (+3).
   Dex:       It affects your dexterity (-3).
   rElec:     It insulates you from electricity.
Missiles
 e - 3 throwing nets
 f - 10 curare-tipped darts
 t - 110 poisoned darts
Armour
 g - a +2 helmet of see invisible (worn)
 z - a +1 buckler of protection (worn)
 C - a +2 cloak (worn)
 D - a +0 pair of boots (worn)
 G - the +7 Cigotuvi's embrace (worn) {rMiasma Drain rN+}
   (You took it off an orc on level 7 of the Dungeon)

   It gathers nearby corpses to temporarily increase the armour it provides.
   It protects you from foul pestilence.
   rN:        It protects you from negative energy.
   Drain:     It drains your maximum health when unequipped.
 S - a +0 pair of gloves (worn)
Jewellery
 b - a ring of protection from cold
 d - a +6 ring of intelligence
 j - the ring "Qampize" (right hand) {Fly rElec rPois rN+ rCorr}
   (You found it on level 4 of the Dungeon)

   [ring of flight]

   rElec:     It insulates you from electricity.
   rPois:     It protects you from poison.
   rN:        It protects you from negative energy.
   Fly:       It grants you flight.
   rCorr:     It protects you from acid and corrosion.
 p - an amulet of the acrobat
 q - a ring of protection from fire (left hand)
 v - an amulet of regeneration (around neck)
 y - a ring of willpower
Wands
 F - a wand of acid (5)
 H - a wand of mindburst (7)
 I - a wand of flame (108)
 K - a wand of iceblast (26)
 M - a wand of paralysis (6)
 U - a wand of digging (18)
Scrolls
 i - 3 scrolls of fear
 k - a scroll of summoning
 m - 3 scrolls of enchant armour
 w - 3 scrolls of fog
 B - a scroll of holy word
 E - 11 scrolls of teleportation
 O - 4 scrolls of magic mapping
 P - 2 scrolls of blinking
 R - 3 scrolls of silence
 T - 3 scrolls of identify
 X - a scroll of amnesia
Potions
 h - 7 potions of mutation
 n - 3 potions of invisibility
 o - 13 potions of curing
 r - 5 potions of magic
 u - 6 potions of heal wounds
 x - 5 potions of berserk rage
 A - 3 potions of haste
 L - 2 potions of cancellation
 Q - a potion of brilliance
 Z - 2 potions of might
Miscellaneous
 l - a box of beasts
 s - a lightning rod (4/4)
 W - a phial of floods (inert)


   Skills:
 - Level 5.0 Fighting
 - Level 4.5(5.6) Slings
 - Level 5.1(6.0) Throwing
 + Level 14.7 Dodging
 - Level 1.7 Stealth
 - Level 4.0 Shields
 + Level 14.8 Spellcasting
 - Level 10.0 Conjurations
 + Level 4.2 Translocations
 - Level 6.0 Transmutations
 - Level 4.0 Air Magic
 - Level 13.0 Earth Magic
 - Level 4.0 Poison Magic
 - Level 11.0 Evocations


You had 20 spell levels left.
You knew the following spells:

 Your Spells              Type           Power      Damage    Failure   Level
a - Iron Shot             Conj/Erth      44%        9d9       1%          6
b - Irradiate             Conj/Tmut      38%        3d26      1%          5
c - Olgreb's Toxic Radia  Pois           57%        N/A       2%          4
d - Poisonous Vapours     Pois/Air       100%       N/A       1%          2
e - Sticky Flame          Conj/Fire      62%        2d8       1%          4
f - Iskenderun's Mystic   Conj/Tloc      72%        2d15      1%          4

Your spell library contained the following spells:

 Spells                   Type           Power      Damage    Failure   Level
 Sandblast                Erth           100%       2d20      0%          1
 Freeze                   Ice            100%       1d11      1%          1
 Sting                    Tmut/Pois      100%       1d8       1%          1
 Corpse Rot               Necr/Air       90%        N/A       1%          2
 Passwall                 Tmut/Erth      68%        N/A       1%          2
 Wereblood                Tmut           67%        N/A       1%          2
 Conjure Flame            Conj/Fire      62%        6-21      1%          3
 Gell's Gravitas          Tloc           59%        N/A       1%          3
 Ignite Poison            Fire/Tmut/Pois 54%        N/A       1%          3
 Spider Form              Tmut/Pois      62%        N/A       1%          3
 Stone Arrow              Conj/Erth      100%       3d13      1%          3
 Teleport Other           Tloc           59%        N/A       1%          3
 Animate Armour           Summ/Erth      100%       N/A       1%          4
 Fulminant Prism          Conj/Hex       31%        3d16      1%          4
 Hailstorm                Conj/Ice       62%        3d13      1%          4
 Lee's Rapid Deconstruct  Erth           47%        3d23*     1%          5
 Ensorcelled Hibernation  Hex/Ice        58%        N/A       2%          2
 Sublimation of Blood     Necr           29%        N/A       2%          2
 Blade Hands              Tmut           33%        N/A       3%          5
 Frozen Ramparts          Ice            58%        1d7       4%          3
 Tukima's Dance           Hex            29%        N/A       4%          3
 Cause Fear               Hex            14%        N/A       14%         4
 Summon Forest            Summ/Tloc      23%        N/A       17%         5
 Dispersal                Tloc           29%        N/A       36%         6
 Summon Mana Viper        Hex/Summ       29%        N/A       38%         5
 Dragon Form              Tmut           33%        N/A       71%         7
 Summon Cactus Giant      Summ           14%        N/A       92%         6
 Enfeeble                 Hex            14%        N/A       100%        7
 Summon Hydra             Summ           14%        N/A       100%        7
 Dragon's Call            Summ           14%        N/A       100%        9


Dungeon Overview and Level Annotations

Branches:
Dungeon (15/15)            Temple (1/1) D:6            Lair (6/6) D:9
  Swamp (4/4) Lair:2       Spider (2/4) Lair:2        Slime (0/5) Lair:5
    Orc (2/2) D:10            Elf (0/3) Orc:2        Vaults (0/5) D:14
 Depths (0/4) D:15          Sewer (visited)

Shops:
D:2 (   D:8 *   D:11 ?   D:13 *   D:14 (   Orc:1 (*   Orc:2 ![([

Portals:
Abyss: Lair:6

Annotations:
D:6 1 runed translucent door, Crazy Yiuf
D:13 Urug
Lair:3 1 runed translucent door, AigisTheKnight's ghost, adept GrIE
Swamp:1 Roxanne
Swamp:4 1 exclusion


Innate Abilities, Weirdness & Mutations

You have an increased reservoir of magic. (+10% MP)
You shall have no god before yourself.
Your divine heritage dramatically boosts your attributes as you level up.
You occasionally shout uncontrollably at your foes.


Message History

Press: ? - help, Shift-Dir - straight line, f - tarantella
Aim: a tarantella (64% to hit)
The iron shot misses the tarantella.
A demonic crawler comes into view.
The teleport trap disappears.
The tarantella disappears!
The orb spider weaves a glowing orb of energy.
The demonic crawler shrieks in warning!
You yell at the orb of destruction!
An orb of destruction comes into view.
You now have 35/41 mp.
Casting: Iron Shot (dangerous; 1% risk of failure)
Confirm with . or Enter, or press ? or * to list all spells.
Aiming: Iron Shot (dangerous; 1% risk of failure)
Press: ? - help, Shift-Dir - straight line, f - tarantella
Aim: a tarantella (64% to hit)
The iron shot hits the tarantella!!!
You kill the tarantella!
The orb spider pulsates with a strange energy.
You now have 29/41 mp.
The orb spider spins a strand of pure energy.
The orb spider weaves a glowing orb of energy.
An orb of destruction comes into view.
The orb of destruction hits you!!
The orb spider weaves a glowing orb of energy.
An orb of destruction comes into view.
You take 22 damage, and have 104/126 hp.
The orb of destruction hits the demonic crawler!!!
The demonic crawler is blown up!
An orb spider comes into view.
The orb spider hisses angrily.
The orb spider spins a strand of pure energy.
The orb of destruction hits you!!!
The orb spider weaves a glowing orb of energy.
An orb of destruction comes into view.
You take 54 damage, and have 52/126 hp.
MASSIVE DAMAGE!!
The orb spider spins a strand of pure energy.
There is a stone staircase leading up, spattered with blood here.
The orb of destruction hits you!!!!
Ouch! That really hurt!
You die...

....... ##.
....... ##..
..s○○..### #...
....s.○..####
#..#
.....###○°..##..#
... ####....# .
##..## ##..##
#@○.## ##○°.##
##[○.# ##°.##
##s.# ##[.# #s..#
# ##...# .#
##...## ##..#


You could see an orb spider (charged).

Vanquished Creatures
  the Lernaean hydra (Swamp:4)
  Nikola (Spider:2)
  Rupert (D:13)
  3 thorn hunters (Swamp:2)
  Kirke (D:12)
  A fenstrider witch (Swamp:2)
  2 ghost moths (Spider:1)
  A caustic shrike skeleton (Abyss:2)
  6 eleionomae
  Azrael (D:13)
  11 bunyips
  3 shambling mangroves
  The ghost of Rudghir the Cleaver, a journeyman MiFi of the Shining One (Orc:1)
  Harold (D:8)
  4 vault guards (D:14)
  5 centaur warriors
  21 hydras
  6 boulder beetles
  Erolcha (D:9)
  6 two-headed ogres
  6 ghost crabs
  7 alligators
  6 tengu warriors
  A spriggan berserker (Swamp:2)
  4 large abominations
  4 thrashing horrors
  A pharaoh ant (Spider:1)
  Sonja (D:13)
  7 goliath frogs
  10 swamp dragons
  14 bog bodies
  A wizard (D:14)
  8 spriggan druids
  Pikel (D:5)
  8 orc knights
  A necromancer (D:15)
  An orc sorcerer (D:15)
  A wolf spider (Spider:1)
  7 deep elf pyromancers
  3 manticores
  8 ugly things
  2 cyclopes (D:14)
  2 oklob plants (Lair:5)
  A salamander (shapeshifter) (Lair:6)
  4 will-o-the-wisps
  6 black mambas
  A naga mage (D:15)
  4 apocalypse crabs (Swamp:1)
  A molten gargoyle (Lair:5)
  15 elephants
  2 gargoyles (D:11)
  Psyche (D:11)
  15 cane toads
  A torpor snail (Spider:1)
  2 unseen horrors
  3 rime drakes
  A kobold demonologist (D:6)
  2 demonic crawlers (Spider:1)
  3 efreet
  12 komodo dragons
  A freezing wraith (D:15)
  An ancient zyme (Lair:6)
  A meliai (shapeshifter) (D:13)
  13 trolls
  A bloated husk (Swamp:2)
  6 meliai
  2 polar bears (Lair:5)
  10 hornets
  10 tarantellas
  9 tyrant leeches
  A slime creature (Lair:1)
  37 blink frogs
  4 dream sheep (Lair:6)
  8 culicivoras
  2 shadows
  4 wraiths
  5 flying skulls (Abyss:2)
  14 jumping spiders (Spider:1)
  9 spriggans
  A ynoxinul (Lair:6)
  A hog (shapeshifter) (Lair:6)
  42 yaks
  4 fire elementals (D:13)
  7 hogs (D:13)
  3 wyverns
  2 neqoxecs (Abyss:2)
  A chaos spawn (Lair:6)
  3 fire bats (Lair:5)
  7 vampire mosquitoes
  5 basilisks
  A steam dragon (D:3)
  13 redbacks
  Edmund (D:6)
  18 swamp worms
  2 nagas (shapeshifter) (Lair:6)
  3 acid dragons
  2 wargs (Orc:2)
  15 water moccasins
  7 swamp drakes
  36 orc warriors
  A sky beast (D:6)
  2 black bears
  A black bear (shapeshifter) (D:15)
  5 ogres
  16 wolves
  11 centaurs
  2 lemures (D:6)
  6 small abominations
  3 kobold brigands
  11 bullfrogs
  3 scorpions
  A wyvern skeleton (D:7)
  3 water moccasin skeletons
  15 wights
  6 howler monkeys
  5 electric eels
  5 centaur zombies
  2 centaur skeletons
  4 hounds
  13 jellies (Lair:1)
  A gnoll shaman (D:3)
  7 orc priests
  4 iguanas
  An iron imp (Abyss:2)
  Jessica (D:3)
  18 orc wizards
  A hound skeleton (D:4)
  Robin (D:2)
  10 gnolls
  A river rat (D:5)
  9 adders
  3 dart slugs
  2 worms
  78 orcs
  16 ball pythons
  10 endoplasms
  9 giant cockroaches
  16 goblins
  8 hobgoblins
  6 jackals
  20 kobolds
  18 quokkas
  4 bats
  7 frilled lizards (Sewer)
  A jackal skeleton (D:4)
  6 rats
  2 butterflies (D:4)
942 creatures vanquished.

Vanquished Creatures (others)
  A shambling mangrove (Swamp:4)
  A spriggan (Swamp:4)
  2 bog bodies (Swamp:4)
  A demonic crawler (Spider:2)
  5 bloated husks
  3 hornets (Swamp:4)
  A redback (Spider:2)
  A swamp drake (Swamp:4)
  2 briar patches (Swamp:2)
  6 foxfires
  72 fungi
  42 plants
  2 withered plants (Lair:3)
139 creatures vanquished.

Grand Total: 1081 creatures vanquished

Notes
Turn   | Place    | Note
-------+----------+-------------------------------------------
     0 | D:1      | gimp the Demigod Wanderer began the quest for the Orb.
     0 | D:1      | gimp set off with the following items: a +0 vorpal hunting
                  | sling, 19 sling bullets, a +0 cloak, a +0 robe; and the
                  | following spells available to memorise: Corpse Rot,
                  | Poisonous Vapours
     0 | D:1      | Reached XP level 1. HP: 14/14 MP: 5/5
   602 | D:1      | Reached XP level 2. HP: 20/20 MP: 8/8
   984 | D:1      | Reached XP level 3. HP: 26/26 MP: 10/10
   995 | D:1      | Learned a level 2 spell: Poisonous Vapours
  1865 | D:2      | Reached skill level 1 in Poison Magic
  1876 | D:2      | Noticed Robin
  1919 | D:2      | Killed Robin
  2191 | D:2      | Reached XP level 4. HP: 18/33 MP: 11/11
  2425 | D:2      | Found Fiyplimm's Antique Weapon Emporium.
  3472 | D:3      | Noticed a steam dragon
  3500 | D:3      | Killed a steam dragon
  3501 | D:3      | Reached XP level 5. HP: 13/38 MP: 12/12
  3674 | D:3      | Noticed an ogre
  3688 | D:3      | Killed an ogre
  3689 | D:3      | Reached XP level 6. HP: 42/45 MP: 13/13
  3985 | D:3      | Noticed Jessica
  3989 | D:3      | Killed Jessica
  5245 | D:4      | Learned a level 5 spell: Irradiate
  5306 | D:4      | Identified the ring "Qampize" {Fly rElec rPois rN+ rCorr}
  5494 | D:4      | Reached skill level 1 in Fighting
  5494 | D:4      | Reached skill level 1 in Dodging
  5563 | D:4      | Reached skill level 1 in Conjurations
  5563 | D:4      | Reached skill level 1 in Transmutations
  5582 | D:4      | Reached XP level 7. HP: 43/52 MP: 2/14
  6818 | D:5      | Entered Level 5 of the Dungeon
  7039 | D:5      | Found a glowing drain.
  7100 | D:5      | Learned a level 4 spell: Olgreb's Toxic Radiance
  7154 | Sewer    | Entered a sewer
  8493 | D:5      | Reached XP level 8. HP: 50/59 MP: 2/15
  9715 | D:6      | Found a staircase to the Ecumenical Temple.
  9715 | D:6      | Noticed Pikel
  9758 | D:5      | Killed Pikel
  9759 | D:5      | Reached skill level 5 in Conjurations
  9759 | D:5      | Reached skill level 5 in Transmutations
 10286 | Temple   | Entered the Ecumenical Temple
 10523 | D:6      | Found a runed translucent door.
 10524 | D:6      | Noticed Crazy Yiuf
 10822 | D:6      | Noticed Edmund
 10854 | D:6      | Killed Edmund
 10855 | D:6      | Reached XP level 9. HP: 60/64 MP: 10/17
 11424 | D:7      | Reached skill level 1 in Earth Magic
 12318 | D:7      | Noticed a two-headed ogre
 12377 | D:7      | Noticed a two-headed ogre
 12397 | D:7      | Killed a two-headed ogre
 12470 | D:7      | Noticed a kobold demonologist
 12479 | D:6      | Killed a kobold demonologist
 12871 | D:7      | Killed a two-headed ogre
 12872 | D:7      | Reached XP level 10. HP: 71/71 MP: 11/20
 13015 | D:7      | Noticed a cyclops
 13152 | D:6      | Learned a level 6 spell: Iron Shot
 13167 | D:7      | Noticed a six-headed hydra
 13298 | D:8      | Found Gozag's Platinum Reserve.
 13465 | D:8      | Noticed Harold
 13470 | D:8      | Killed Harold
 13471 | D:8      | Reached skill level 5 in Spellcasting
 14411 | D:9      | Noticed a two-headed ogre
 14426 | D:9      | Killed a two-headed ogre
 14427 | D:9      | Reached skill level 10 in Earth Magic
 14767 | D:9      | Found a staircase to the Lair.
 15503 | D:9      | Noticed Erolcha
 15734 | D:9      | Killed Erolcha
 15735 | D:9      | Reached XP level 11. HP: 77/77 MP: 11/24
 16068 | D:10     | Entered Level 10 of the Dungeon
 16557 | D:10     | Noticed an orc knight
 16576 | D:9      | Killed an orc knight
 17104 | D:10     | Found a staircase to the Orcish Mines.
 17877 | D:11     | Reached skill level 10 in Conjurations
 18089 | D:11     | Identified the +8 mace "Demigod's Peril" {venom, rElec
                  | Int+3 Dex-3}
 18107 | D:11     | Found Utix's Magic Scroll Shoppe.
 18107 | D:11     | Noticed Psyche
 18121 | D:11     | Killed Psyche
 18122 | D:11     | Reached skill level 5 in Dodging
 18260 | D:11     | Bought a scroll of fear for 52 gold pieces
 18260 | D:11     | Bought a scroll of teleportation for 45 gold pieces
 18260 | D:11     | Bought a scroll of identify for 30 gold pieces
 18260 | D:11     | Bought a scroll of magic mapping for 52 gold pieces
 18260 | D:11     | Bought a scroll of identify for 30 gold pieces
 18260 | D:11     | Bought a scroll of teleportation for 45 gold pieces
 18571 | Lair:1   | Entered Level 1 of the Lair of Beasts
 19954 | Lair:2   | Identified the +1 robe "Vamud" {Will+ SInv}
 20457 | Lair:2   | Found a hole to the Spider Nest.
 20520 | Lair:2   | Learned a level 4 spell: Sticky Flame
 20564 | Lair:2   | Noticed a bog body
 20565 | Lair:2   | Killed a bog body
 20565 | Lair:2   | Noticed a bog body
 20566 | Lair:2   | Reached XP level 12. HP: 83/83 MP: 21/28
 20819 | Lair:2   | Noticed a four-headed hydra
 20822 | Lair:2   | Killed a four-headed hydra
 20983 | Lair:2   | Found a staircase to the Swamp.
 21211 | Lair:3   | Noticed a five-headed hydra
 21213 | Lair:3   | Killed a five-headed hydra
 21592 | Lair:3   | Reached skill level 10 in Dodging
 21817 | Lair:3   | Found a runed translucent door.
 21818 | Lair:3   | Noticed AigisTheKnight's ghost (adept GrIE)
 22983 | Lair:4   | Reached skill level 5 in Fighting
 23149 | Lair:4   | Reached skill level 1 in Throwing
 23149 | Lair:4   | Reached skill level 1 in Evocations
 23290 | Lair:4   | Reached XP level 13. HP: 78/100 MP: 13/29
 26086 | Lair:5   | Found a staircase to the Slime Pits.
 26588 | Lair:5   | Reached skill level 5 in Throwing
 26588 | Lair:5   | Reached skill level 5 in Evocations
 26716 | Lair:6   | Entered Level 6 of the Lair of Beasts
 28877 | Lair:6   | Reached skill level 10 in Spellcasting
 29027 | Lair:6   | Reached XP level 14. HP: 107/107 MP: 25/32
 30028 | Lair:6   | Found a one-way gate to the infinite horrors of the Abyss.
 30223 | Orc:1    | Entered Level 1 of the Orcish Mines
 30223 | Orc:1    | Found a runed translucent gate.
 30223 | Orc:1    | Found a runed translucent gate.
 30223 | Orc:1    | Found a runed translucent gate.
 30349 | Orc:1    | Noticed Rudghir's ghost (journeyman MiFi)
 30496 | Orc:1    | Found Foax's Assorted Antiques.
 31022 | Orc:1    | Found Elihisch's Weapon Emporium.
 31366 | Orc:1    | Killed Rudghir's ghost
 31380 | Orc:1    | Bought a smoky amethyst potion for 19 gold pieces
 31380 | Orc:1    | Bought a potion of curing for 66 gold pieces
 31538 | Orc:2    | Entered Level 2 of the Orcish Mines
 32688 | Orc:2    | Found Muoqes's Antique Armour Shop.
 32688 | Orc:2    | Found Koklu's Distillery.
 32804 | Orc:2    | Bought a glowing buckler for 195 gold pieces
 33602 | Orc:2    | Reached skill level 1 in Shields
 34239 | Orc:2    | Found Mioq's Armour Shop.
 34239 | Orc:2    | Found Renwenn's Antique Weapon Emporium.
 34263 | Orc:2    | Bought a +1 helmet of see invisible for 280 gold pieces
 34634 | Orc:2    | Found a staircase to the Elven Halls.
 35927 | D:13     | Noticed Azrael
 35932 | D:13     | Killed Azrael
 36646 | D:13     | Noticed Sonja
 36650 | D:13     | Killed Sonja
 37081 | D:13     | Noticed Rupert
 37088 | D:13     | Killed Rupert
 37307 | D:13     | Found Noivoub's General Store.
 37315 | D:13     | Bought a wand of iceblast (4) for 112 gold pieces
 37751 | D:13     | Noticed Urug
 37751 | D:13     | Noticed Kirke
 38116 | D:12     | Killed Kirke
 38222 | D:13     | Identified the +0 buckler of Bright Intercession {Rampage
                  | rN+}
 38782 | D:14     | Found a gate to the Vaults.
 38810 | D:13     | Reached XP level 15. HP: 91/113 MP: 0/35
 39054 | D:14     | Identified a scroll of acquirement
 39055 | D:14     | Acquired 827 gold pieces
 39645 | D:14     | Found Mewnetzo's Weapon Shop.
 39681 | D:14     | Cast into level 2 of the Abyss (a wizard)
 39771 | Abyss:2  | Gained mutation: You occasionally shout uncontrollably at
                  | your foes. [a neqoxec]
 39983 | D:14     | Escaped the Abyss
 40123 | D:14     | Reached skill level 10 in Evocations
 41023 | D:15     | Entered Level 15 of the Dungeon
 42030 | D:15     | Found a staircase to the Depths.
 42417 | Swamp:1  | Entered Level 1 of the Swamp
 42506 | Lair:2   | Upgraded the game from 0.28-a0-1356-g2ad6d04315 to
                  | 0.28-a0-1374-ga75cb3825e
 42751 | Swamp:1  | Identified Roxanne's Tome of Moulding
 42751 | Swamp:1  | Noticed Roxanne
 43141 | Swamp:1  | Found a runed translucent door.
 43918 | Swamp:1  | You are sucked into a shaft and drop 1 floor!
 44775 | Swamp:1  | Identified the ring of False Pretenses {Fly rCorr}
 45524 | Swamp:2  | Noticed a thorn hunter
 45529 | Swamp:2  | Noticed a fenstrider witch
 45876 | Swamp:2  | Killed a thorn hunter
 46033 | Swamp:2  | Killed a fenstrider witch
 46151 | Swamp:2  | Reached XP level 16. HP: 119/119 MP: 19/38
 47436 | Swamp:2  | Learned a level 4 spell: Iskenderun's Mystic Blast
 49188 | Swamp:4  | Entered Level 4 of the Swamp
 50964 | Swamp:3  | Reached skill level 1 in Translocations
 51521 | Swamp:4  | Noticed the 27-headed Lernaean hydra
 51530 | Swamp:4  | Killed the 27-headed Lernaean hydra
 51867 | Swamp:4  | Got a decaying rune of Zot
 52007 | Spider:1 | Entered Level 1 of the Spider Nest
 52887 | Spider:1 | Identified the +0 robe "Nueliy" {rN+ Regen+ Slay+3}
 52898 | Spider:1 | Identified the +3 chain mail "Dohuf" {+Blink rF+ Int-3}
 53511 | Spider:1 | Reached XP level 17. HP: 121/126 MP: 6/41
 54021 | Spider:2 | Noticed Nikola
 54151 | Spider:2 | Killed Nikola
 54458 | Spider:2 | Blown up by an orb spider

Illustrated notes

Levels and vault maps discovered:
D:1:      denvon_arrival_planthouse, layout_rooms, lemuel_old_faithful
D:2:      layout_loops_ring, serial_shops, nicolae_shop_crystal,
          minmay_fractal_squares_gapless_5, uniq_robin
D:3:      layout_basic, grunt_dithmenos_smoke_and_mirrors, led_sif_pool,
          uniq_jessica
D:4:      layout_cave_pods, xom_butterflies, gammafunk_temple_overflow_wave,
          nicolae_ashenzari_skybound, minivault_19
D:5:      layout_rooms, portal_sewer_entry_a, minmay_manual_mares
D:6:      layout_cave_pools, minmay_temple_entry_statues_fountains,
          amethyst_killhole, uniq_crazy_yiuf_cottage, uniq_pikel, uniq_edmund
D:7:      minmay_the_grid_octo_triangle [minmay_the_grid_octo_thin_diamonds,
          minmay_the_grid_octo_prize_big_c, minmay_the_grid_octo_clover],
          layout_basic
D:8:      layout_basic, nicolae_gozag_zags_fifth_avenue, uniq_harold
D:9:      layout_gridville, nicolae_ru_the_path_less_chosen, erik_lair_island,
          uniq_erolcha
D:10:     layout_rooms, nzn_hepliaklqana_mist_gate,
          gammafunk_temple_overflow_statue, orc_0_dummy
D:11:     layout_cave_pools, serial_shops, shop, uniq_psyche
D:12:     layout_gridville
D:13:     layout_basic, serial_shops, shop, kennysheep_generic_room_2,
          uniq_sonja, uniq_urug, uniq_azrael, uniq_kirke, uniq_rupert
D:14:     layout_gridville, lightli_vaults_fourway_checkpoint, serial_shops,
          nicolae_shop_bloodbath_and_beyond
D:15:     grunt_enter_depths_magical_seal, layout_rooms, fedhas_altar_3,
          hangedman_abyss_or_decor_passed, serial_bayou_pond_a
Temple:   pf_slime_end_temple
Lair:1:   lemuel_slime, layout_loops_ring, infiniplex_staircase_pool_2
Lair:2:   layout_cave_pods, nicolae_swamp_entry_splash_gauntlet,
          spider_nest_entry_web_field, grunt_forest_large_clearing_hut
Lair:3:   layout_cellular_growth, gammafunk_ghost_grave, serial_bayou_pond_d,
          chequers_serial_rivers_small_b
Lair:4:   layout_regular_city, guppyfry_lair_drakes
Lair:5:   layout_gridlike, minmay_slime_entry_oklob_open, grunt_megastairs_1,
          serial_bayou_shore_b
Lair:6:   hellmonk_lair_end_abyssal_woods, layout_cave_pods, grunt_megastairs_3,
          lemuel_fruit_tree
Swamp:1:  gammafunk_mikee_crab_dinner, layout_falls_marsh, serial_swamp_ruin,
          hangedman_swamp_ruin_wall, evilmike_swamp_ruin_rubble_2, swamp_pool4,
          nicolae_swamp_bunyip_nook, infiniplex_staircase_pool, uniq_roxanne
Swamp:2:  nzn_winding_woodlands_medium [nzn_winding_woodlands_5x5_perimeter,
          nzn_winding_woodlands_5x15_longhouse,
          nzn_winding_woodlands_5x5_open_star,
          nzn_winding_woodlands_5x5_closed_star,
          nzn_winding_woodlands_center_pierced_h,
          nzn_winding_woodlands_5x5_default, nzn_winding_woodlands_hourglass,
          nzn_winding_woodlands_5x15_lazy_stream,
          nzn_winding_woodlands_5x5_three], layout_basic_swamp,
          hangedman_swamp_diagram
Swamp:3:  layout_falls_marsh, nicolae_swamp_orc_logging_accident
Swamp:4:  grunt_swamp_rune_castle, layout_basic_swamp
Spider:1: layout_spider_delve
Spider:2: layout_cave_pods, nicolae_spider_moth_buddies, uniq_nikola
Orc:1:    layout_caves, ebering_ghost_gozag, serial_shops,
          nicolae_shop_behind_doors
Orc:2:    st_orc_town, layout_caves, basic_altar

Skill      XL: |  1  2  3  4  5  6  7  8  9 10 11 12 13 14 15 16 17 |
---------------+----------------------------------------------------+-----
Spellcasting   | 2 3 4 6 8 10 11 13 14 | 14.8
Poison Magic   | 1 3 4 |  4.0
Air Magic      | 2 4 |  4.0
Fighting       | 1 5 |  5.0
Dodging        | 1 3 7 11 12 14 | 14.7
Conjurations   | 1 3 6 7 9 10 | 10.0
Transmutations | 1 3 6 |  6.0
Earth Magic    | 7 10 12 13 | 13.0
Throwing       | 1 5 |  5.1
Evocations     | 1 6 9 11 | 11.0
Shields        | 4 |  4.0
Translocations | 3 4 |  4.2
Slings         | |  4.5
Stealth        | |  1.7

Action                   |  1- 3 |  4- 6 |  7- 9 | 10-12 | 13-15 | 16-18 || total
-------------------------+-------+-------+-------+-------+-------+-------++-------
Melee: Short sword       |    13 |       |       |       |       |       ||    13
       Spear             |    60 |    35 |       |       |       |       ||    95
       Hunting sling     |     1 |       |       |     1 |       |       ||     2
       Whip              |       |    56 |   178 |   118 |       |       ||   352
       Mace              |       |       |       |   106 |   241 |    17 ||   364
 Fire: Hunting sling     |   108 |    61 |       |     4 |       |       ||   173
Throw: Dart              |     1 |     4 |       |       |       |       ||     5
 Cast: Poisonous Vapours |       |    48 |   260 |   128 |    17 |     5 ||   458
       Olgreb's Toxic Ra |       |       |     7 |    36 |    48 |       ||    91
       Irradiate         |       |       |     5 |    61 |    50 |    17 ||   133
       Iron Shot         |       |       |       |    33 |   466 |   243 ||   742
Evoke: Wand              |       |       |     2 |     7 |     7 |     2 ||    18
       Phial of floods   |       |       |       |       |     1 |     1 ||     2
       Lightning rod     |       |       |       |       |     4 |     1 ||     5
  Use: Potion            |     2 |       |       |       |     1 |     2 ||     5
       Scroll            |       |     7 |     9 |     9 |     6 |     1 ||    32
 Stab: Distracted        |       |     1 |       |       |       |       ||     1
       Sleeping          |       |       |     1 |       |       |       ||     1
       Paralysed         |       |       |       |       |     9 |       ||     9
Armor: Robe              |    29 |    11 |       |       |       |       ||    40
       Steam dragon scal |       |     6 |   102 |       |       |       ||   108
       Leather armour    |       |       |       |   175 |   256 |    48 ||   479
Dodge: Dodged            |    64 |    60 |   137 |   329 |   436 |    74 ||  1100
Block: Buckler           |       |       |       |       |    46 |    27 ||    73

Table legend: (Time is in decaauts)
 A = Elapsed time spent in this place.
 B = Non-inter-level travel time spent in this place.
 C = Inter-level travel time spent in this place.
 D = Time resting spent in this place.
 E = Time spent auto-exploring this place.
 F = Levels seen in this place.
 G = Mean time per level.
                   A        B        C        D        E       F      G
               +--------+--------+--------+--------+--------+-----+--------+
         Total |  54722 |  52867 |   1855 |   8163 |  36847 |  32 | 1710.1 |
       Dungeon |  24728 |  23679 |   1049 |   2582 |  17168 |  15 | 1648.5 |
        Temple |    198 |    193 |      5 |      0 |    181 |   1 |  198.0 |
          Lair |  12328 |  11865 |    463 |    843 |   9629 |   6 | 2054.7 |
         Swamp |   9560 |   9311 |    249 |   2784 |   5419 |   4 | 2390.0 |
   Spider Nest |   1981 |   1953 |     28 |    305 |   1297 |   2 |  990.5 |
  Orcish Mines |   4299 |   4239 |     60 |   1344 |   2161 |   2 | 2149.5 |
         Abyss |    301 |    301 |      0 |     96 |    148 |   1 |  301.0 |
         Sewer |   1323 |   1323 |      0 |    208 |    844 |   1 | 1323.0 |
               +--------+--------+--------+--------+--------+-----+--------+

Top non-repeatable levels by time:
  Lair:6: 3138 daAuts
 Swamp:2: 2815 daAuts
 Swamp:1: 2787 daAuts
   Orc:1: 2637 daAuts
    D:13: 2580 daAuts
 Swamp:3: 2470 daAuts
     D:2: 2245 daAuts
  Lair:5: 2125 daAuts
  Lair:4: 2063 daAuts
  Lair:2: 1949 daAuts
    D:14: 1893 daAuts
     D:6: 1854 daAuts
Spider:1: 1838 daAuts
     D:4: 1684 daAuts
  Lair:3: 1679 daAuts
